TOP OF THE 1ST |
Montgomery Grey Sox batting - Pitching for Detroit Dirty Snow : RHP John Kelly
|
Pitching: RHP John Kelly
|
|
Batting: RHB José Montoya
|
0-0: Fly out, F7 (Flyball, 7LM)
|
Batting: LHB Alberto Santos
|
0-0: Ball 1-0: Ground out 4-3 (Groundball, 4)
|
Batting: RHB José Carlos Caraballo
|
0-0: Ball 1-0: Ball 2-0: Ground out U3 (Groundball, 3S)
|
Top of the 1st over - 0 run(s), 0 hit(s), 0 error(s), 0 left on base; Montgomery 0 - Detroit 0 |
BOTTOM OF THE 1ST |
Detroit Dirty Snow batting - Pitching for Montgomery Grey Sox : LHP Lee González
|
Pitching: LHP Lee González
|
|
Batting: SHB Bob Noble
|
0-0: Called Strike 0-1: Ball 1-1: Ball 2-1: Swinging Strike 2-2: TRIPLE (Flyball, 7LM)
|
Batting: RHB Cristo Souza
|
0-0: Ball 1-0: Called Strike 1-1: Ball 2-1: Swinging Strike 2-2: Strikes out swinging
|
Batting: LHB Eric Powell
|
0-0: Foul Ball, location: 2F 0-1: Ground out 1-3 (Groundball, 25)
|
Batting: SHB Tim Reid
|
0-0: Ball 1-0: Ball 2-0: Ball 3-0: Called Strike 3-1: Base on Balls
|
Batting: RHB Héctor Berrios
|
0-0: Ball Wild Pitch! Bob Noble scores Tim Reid to second 1-0: Ground out 5-3 (Groundball, 5L)
|
Bottom of the 1st over - 1 run(s), 1 hit(s), 0 error(s), 1 left on base; Montgomery 0 - Detroit 1 |
TOP OF THE 2ND |
Montgomery Grey Sox batting - Pitching for Detroit Dirty Snow : RHP John Kelly
|
Batting: SHB Marvin López
|
0-0: Called Strike 0-1: Ball 1-1: Foul Ball, location: 2F 1-2: Ball 2-2: Ball 3-2: SINGLE (Line Drive, 9S)
|
Batting: RHB Bryant von Bohlen
|
0-0: Foul Ball, location: 2F Pickoff Throw to First - Out! 0-1: Ball 1-1: Called Strike 1-2: Ball 2-2: SOLO HOME RUN (Flyball, 78XD), Distance : 423 ft
|
Batting: LHB Bob Jones
|
0-0: Called Strike 0-1: Foul Ball, location: 2F 0-2: Ball 1-2: Foul Ball, location: 2F 1-2: Ground out U3 (Groundball, 3S)
|
Batting: SHB Joe Pierce
|
0-0: Ball 1-0: Foul Ball, location: 2F 1-1: Swinging Strike 1-2: Ball 2-2: Strikes out swinging
|
Top of the 2nd over - 1 run(s), 2 hit(s), 0 error(s), 0 left on base; Montgomery 1 - Detroit 1 |
BOTTOM OF THE 2ND |
Detroit Dirty Snow batting - Pitching for Montgomery Grey Sox : LHP Lee González
|
Batting: RHB Manny Perea
|
0-0: Ball 1-0: Foul Ball, location: 2F 1-1: Foul Ball, location: 2F 1-2: Ball 2-2: SOLO HOME RUN (Flyball, 8LXD), Distance : 433 ft
|
Batting: RHB Charlie O'Farrell
|
0-0: Ball 1-0: Ball 2-0: Called Strike 2-1: Swinging Strike 2-2: Foul Ball, location: 2F 2-2: Ground out 5-3 (Groundball, 5)
|
Batting: SHB Alan Garland
|
0-0: Ball 1-0: Ball 2-0: Called Strike 2-1: Foul Ball, location: 2F 2-2: Ball 3-2: Base on Balls
|
Batting: RHB Phil Wright
|
0-0: Ball Pickoff Throw by Catcher to First - Error! E2 Alan Garland to second 1-0: Ball 2-0: Ball 3-0: Called Strike 3-1: Base on Balls
|
Pitching: RHP Matt Kinnieson
|
|
Batting: SHB Bob Noble
|
0-0: Ball 1-0: Ball 2-0: Called Strike 2-1: Foul Ball, location: 2F 2-2: Strikes out swinging
|
Batting: RHB Cristo Souza
|
0-0: Called Strike 0-1: Foul Ball, location: 2F 0-2: Ball 1-2: Ball 2-2: Ball 3-2: SINGLE (Flyball, 34D) Alan Garland to third Phil Wright to second Alan Garland scores Phil Wright to third
|
Batting: LHB Eric Powell
|
0-0: Ball 1-0: Called Strike 1-1: Ball 2-1: Ball 3-1: Called Strike 3-2: Foul Ball, location: 2F 3-2: Base on Balls Cristo Souza to second
|
Batting: SHB Tim Reid
|
0-0: Ball 1-0: Ball 2-0: Foul Ball, location: 2F 2-1: Called Strike 2-2: Foul Ball, location: 2F 2-2: Foul Ball, location: 2F 2-2: Ball 3-2: Foul Ball, location: 2F 3-2: Foul Ball, location: 2F 3-2: Base on Balls Phil Wright scores Cristo Souza to third Eric Powell to second
|
Batting: RHB Héctor Berrios
|
0-0: SINGLE (Flyball, 34D) Cristo Souza scores Eric Powell to third Tim Reid to second Runner from 3rd tries for Home, SAFE, no throw or cutoff
|
Batting: RHB Manny Perea
|
0-0: Ball 1-0: Ball 2-0: Reached on error, E2 (Groundball, 2R) Tim Reid to third Héctor Berrios to second
|
Pitching: RHP Dan Gibson
|
|
Batting: RHB Charlie O'Farrell
|
0-0: Ball 1-0: Ball 2-0: Ball Wild Pitch! Tim Reid scores Héctor Berrios to third Manny Perea to second 3-0: Called Strike 3-1: Called Strike 3-2: Base on Balls
|
Batting: SHB Alan Garland
|
0-0: Swinging Strike 0-1: Ground out 1-3 (Groundball, 15S)
|
Bottom of the 2nd over - 6 run(s), 3 hit(s), 2 error(s), 3 left on base; Montgomery 1 - Detroit 7 |
TOP OF THE 3RD |
Montgomery Grey Sox batting - Pitching for Detroit Dirty Snow : RHP John Kelly
|
Batting: SHB Hoyt Norris
|
0-0: Ball 1-0: Swinging Strike 1-1: Called Strike 1-2: Strikes out looking
|
Batting: RHB Sergio Gonzáles
|
0-0: Swinging Strike 0-1: Foul Ball, location: 2F 0-2: Ball 1-2: Strikes out swinging
|
Batting: RHB José Montoya
|
0-0: Called Strike 0-1: Called Strike 0-2: Foul Ball, location: 2F 0-2: Strikes out looking
|
Top of the 3rd over - 0 run(s), 0 hit(s), 0 error(s), 0 left on base; Montgomery 1 - Detroit 7 |
BOTTOM OF THE 3RD |
Detroit Dirty Snow batting - Pitching for Montgomery Grey Sox : RHP Dan Gibson
|
Batting: RHB Phil Wright
|
0-0: Ball 1-0: Ball 2-0: Ball 3-0: Called Strike 3-1: SINGLE (Flyball, 89S)
|
Batting: SHB Bob Noble
|
0-0: Ground out U3 (Groundball, 3S) Phil Wright to second
|
Batting: RHB Cristo Souza
|
0-0: Ball 1-0: DOUBLE (Flyball, 8RXD) Phil Wright scores
|
Batting: LHB Eric Powell
|
0-0: Swinging Strike 0-1: Ball 1-1: Foul Ball, location: 2F 1-2: SINGLE (Groundball, 4MD) Cristo Souza to third
|
Batting: SHB Tim Reid
|
0-0: Ball 1-0: Foul Ball, location: 2F 1-1: Foul Ball, location: 2F 1-2: Ball 2-2: Ground out 4-3 (Groundball, 4MS) Cristo Souza scores Eric Powell to second
|
Batting: RHB Héctor Berrios
|
0-0: Foul Ball, location: 2F 0-1: Foul Ball, location: 2F 0-2: Strikes out looking
|
Bottom of the 3rd over - 2 run(s), 3 hit(s), 0 error(s), 1 left on base; Montgomery 1 - Detroit 9 |
TOP OF THE 4TH |
Montgomery Grey Sox batting - Pitching for Detroit Dirty Snow : RHP John Kelly
|
Batting: LHB Alberto Santos
|
0-0: Ball 1-0: Foul Ball, location: 2F 1-1: Bunt for hit - play at first, batter OUT! 3-4
|
Batting: RHB José Carlos Caraballo
|
0-0: Fly out, F9 (Flyball, 9LM)
|
Batting: SHB Marvin López
|
0-0: Fly out, F8 (Flyball, 8RM)
|
Top of the 4th over - 0 run(s), 0 hit(s), 0 error(s), 0 left on base; Montgomery 1 - Detroit 9 |
BOTTOM OF THE 4TH |
Detroit Dirty Snow batting - Pitching for Montgomery Grey Sox : RHP Dan Gibson
|
Batting: RHB Manny Perea
|
0-0: Ball 1-0: SINGLE (Line Drive, 6MD)
|
Batting: RHB Charlie O'Farrell
|
0-0: Called Strike 0-1: Called Strike 0-2: Foul Ball, location: 2F 0-2: Ball 1-2: 2-RUN HOME RUN (Flyball, 8LXD), Distance : 439 ft
|
Batting: SHB Alan Garland
|
0-0: Called Strike 0-1: Swinging Strike 0-2: Strikes out looking
|
Batting: RHB Phil Wright
|
0-0: Ball 1-0: Called Strike 1-1: Foul Ball, location: 2F 1-2: Foul Ball, location: 2F 1-2: Ball 2-2: Ball 3-2: Fly out, F8 (Flyball, 8LD)
|
Batting: SHB Bob Noble
|
0-0: Ball 1-0: SINGLE (Line Drive, 89S)
|
Pitching: RHP Calvin Snyder
|
|
Batting: RHB Cristo Souza
|
0-0: Called Strike 0-1: Ball 1-1: Ball 2-1: Ball 3-1: Fly out, F7 (Flyball, 78S)
|
Bottom of the 4th over - 2 run(s), 3 hit(s), 0 error(s), 1 left on base; Montgomery 1 - Detroit 11 |
TOP OF THE 5TH |
Montgomery Grey Sox batting - Pitching for Detroit Dirty Snow : RHP John Kelly
|
Batting: RHB Bryant von Bohlen
|
0-0: SINGLE (Line Drive, 78S)
|
Batting: LHB Bob Jones
|
0-0: Called Strike 0-1: Ball 1-1: Swinging Strike 1-2: Foul Ball, location: 2F 1-2: Foul Ball, location: 2F 1-2: Foul Ball, location: 2F 1-2: Strikes out swinging
|
Batting: SHB Joe Pierce
|
0-0: Ball 1-0: DOUBLE (Flyball, 89D) Bryant von Bohlen to third Runner from 3rd tries for Home, throw and OUT! Joe Pierce to third
|
Batting: SHB Hoyt Norris
|
0-0: Ball 1-0: Called Strike 1-1: Foul Ball, location: 2F 1-2: Foul Ball, location: 2F 1-2: Ball 2-2: Strikes out swinging
|
Top of the 5th over - 0 run(s), 2 hit(s), 0 error(s), 1 left on base; Montgomery 1 - Detroit 11 |
BOTTOM OF THE 5TH |
Detroit Dirty Snow batting - Pitching for Montgomery Grey Sox : RHP Calvin Snyder
|
Batting: LHB Eric Powell
|
0-0: Ball 1-0: Fly out, F3 (Line Drive, 34)
|
Batting: SHB Tim Reid
|
0-0: Ball 1-0: Swinging Strike 1-1: Ball 2-1: Ball 3-1: Base on Balls
|
Batting: RHB Héctor Berrios
|
0-0: Ball 1-0: Called Strike 1-1: Ball 2-1: Grounds into double play, 6-4-3 (Groundball, 6)
|
Bottom of the 5th over - 0 run(s), 0 hit(s), 0 error(s), 0 left on base; Montgomery 1 - Detroit 11 |
TOP OF THE 6TH |
Montgomery Grey Sox batting - Pitching for Detroit Dirty Snow : RHP John Kelly
|
Batting: RHB Sergio Gonzáles
|
0-0: DOUBLE (Line Drive, 9LM)
|
Batting: RHB José Montoya
|
0-0: Ball 1-0: Called Strike 1-1: Ball 2-1: Called Strike 2-2: Ball 3-2: Base on Balls
|
Batting: LHB Alberto Santos
|
0-0: Reached on error, E4 (Groundball, 4M) Sergio Gonzáles to third José Montoya to second
|
Batting: RHB José Carlos Caraballo
|
0-0: Called Strike 0-1: Fly out, F7 (Line Drive, 7D) Runner from 3rd tags up, SCORES, no throw José Montoya to third
|
Batting: SHB Marvin López
|
0-0: Ball 1-0: Foul Ball, location: 2F 1-1: Foul Ball, location: 2F 1-2: Foul Ball, location: 2F 1-2: Foul Ball, location: 2F 1-2: Fly out, F7 (Flyball, 78M) Runner from 3rd tags up, SCORES, no throw
|
Batting: RHB Bryant von Bohlen
|
0-0: Called Strike Alberto Santos is caught stealing 2nd base
|
Top of the 6th over - 2 run(s), 1 hit(s), 1 error(s), 0 left on base; Montgomery 3 - Detroit 11 |
BOTTOM OF THE 6TH |
Detroit Dirty Snow batting - Pitching for Montgomery Grey Sox : RHP Calvin Snyder
|
Batting: RHB Manny Perea
|
0-0: Ball 1-0: Foul Ball, location: 2F 1-1: Swinging Strike 1-2: Ground out 5-3 (Groundball, 5)
|
Batting: RHB Charlie O'Farrell
|
0-0: Ball 1-0: Foul Ball, location: 2F 1-1: Foul Ball, location: 2F 1-2: Strikes out swinging
|
Batting: SHB Alan Garland
|
0-0: Ground out U3 (Groundball, 3S)
|
Bottom of the 6th over - 0 run(s), 0 hit(s), 0 error(s), 0 left on base; Montgomery 3 - Detroit 11 |
TOP OF THE 7TH |
Montgomery Grey Sox batting - Pitching for Detroit Dirty Snow : RHP John Kelly
|
Batting: RHB Bryant von Bohlen
|
0-0: Swinging Strike 0-1: Ball 1-1: Called Strike 1-2: Reached on error, E6 (Groundball, 6M)
|
Batting: LHB Bob Jones
|
0-0: Ball 1-0: Ball 2-0: Called Strike 2-1: Foul Ball, location: 2F 2-2: SINGLE (Line Drive, 89S) Bryant von Bohlen to second
|
Pitching: RHP Dave Funk
|
|
Batting: SHB Joe Pierce
|
0-0: Called Strike 0-1: Fielders Choice at 2nd, 4-6 (Groundball, 4) Bryant von Bohlen to third
|
Batting: SHB Hoyt Norris
|
0-0: Ball 1-0: Ball 2-0: Called Strike 2-1: Grounds into double play, 4-6-3 (Groundball, 34)
|
Top of the 7th over - 0 run(s), 1 hit(s), 1 error(s), 1 left on base; Montgomery 3 - Detroit 11 |
BOTTOM OF THE 7TH |
Detroit Dirty Snow batting - Pitching for Montgomery Grey Sox : RHP Calvin Snyder
|
Batting: RHB Phil Wright
|
0-0: Ball 1-0: Ball 2-0: Ball 3-0: Called Strike 3-1: Foul Ball, location: 2F 3-2: Foul Ball, location: 2F 3-2: Foul Ball, location: 2F 3-2: SINGLE (Groundball, 5D)
|
Batting: SHB Bob Noble
|
0-0: Bunted foul 0-1: Bunted foul 0-2: Strikes out swinging
|
Batting: RHB Cristo Souza
|
0-0: Called Strike 0-1: Called Strike 0-2: Foul Ball, location: 2F 0-2: Grounds into double play, 4-6-3 (Groundball, 4)
|
Bottom of the 7th over - 0 run(s), 1 hit(s), 0 error(s), 0 left on base; Montgomery 3 - Detroit 11 |
TOP OF THE 8TH |
Montgomery Grey Sox batting - Pitching for Detroit Dirty Snow : RHP Dave Funk
|
Batting: RHB Sergio Gonzáles
|
0-0: Ball 1-0: Ball 2-0: Ball 3-0: Base on Balls
|
Batting: RHB José Montoya
|
0-0: Called Strike 0-1: Fly out, F8 (Flyball, 8LD)
|
Batting: LHB Alberto Santos
|
0-0: Called Strike 0-1: Grounds into double play, 4-6-3 (Groundball, 4)
|
Top of the 8th over - 0 run(s), 0 hit(s), 0 error(s), 0 left on base; Montgomery 3 - Detroit 11 |
BOTTOM OF THE 8TH |
Detroit Dirty Snow batting - Pitching for Montgomery Grey Sox : RHP Calvin Snyder
|
Batting: LHB Eric Powell
|
0-0: Ball 1-0: Ball 2-0: Ball 3-0: Base on Balls
|
Batting: SHB Tim Reid
|
0-0: Called Strike 0-1: Ball 1-1: SINGLE (Line Drive, 4D) Eric Powell to second Runner from 2nd tries for 3rd, SAFE, no throw or cutoff
|
Pitching: RHP Brian Barker
|
|
Batting: RHB Héctor Berrios
|
0-0: Ball 1-0: Called Strike 1-1: Ball 2-1: Swinging Strike 2-2: Ball 3-2: SINGLE (Line Drive, 7S) Eric Powell scores Tim Reid to second
|
Batting: RHB Manny Perea
|
0-0: Ball 1-0: Called Strike 1-1: Foul Ball, location: 2F 1-2: Fly out, F3 (Popup, 13S)
|
Batting: RHB Charlie O'Farrell
|
0-0: Ball 1-0: Foul Ball, location: 2F 1-1: Foul Ball, location: 2F 1-2: 3-RUN HOME RUN (Flyball, 7D), Distance : 389 ft
|
Batting: SHB Alan Garland
|
0-0: Ball 1-0: Ball 2-0: Called Strike 2-1: Ground out 4-3 (Groundball, 34D)
|
Batting: RHB Phil Wright
|
0-0: Ball 1-0: SINGLE (Groundball, 56D)
|
Batting: SHB Bob Noble
|
0-0: Ball 1-0: Swinging Strike 1-1: Ball 2-1: Ball 3-1: Foul Ball, location: 2F 3-2: SINGLE (Line Drive, 6D) Phil Wright to second Phil Wright to third
|
Batting: RHB Cristo Souza
|
0-0: Foul Ball, location: 2F 0-1: Ball 1-1: Hit by Pitch Bob Noble to second
|
Batting: LHB Eric Powell
|
0-0: Ball 1-0: Ball 2-0: Ball 3-0: Base on Balls Phil Wright scores Bob Noble to third Cristo Souza to second
|
Batting: SHB Tim Reid
|
0-0: Ball 1-0: Ball 2-0: Foul Ball, location: 2F 2-1: Foul Ball, location: 2F 2-2: SINGLE (Groundball, 4MD) Bob Noble scores Cristo Souza to third Eric Powell to second
|
Batting: RHB Héctor Berrios
|
0-0: Ball 1-0: Swinging Strike 1-1: Ball 2-1: Called Strike 2-2: SINGLE (Groundball, 56D) Cristo Souza scores Eric Powell to third Tim Reid to second Runner from 3rd tries for Home, SAFE, no throw or cutoff
|
Batting: RHB Manny Perea
|
0-0: Fly out, F7 (Flyball, 78D)
|
Bottom of the 8th over - 8 run(s), 7 hit(s), 0 error(s), 2 left on base; Montgomery 3 - Detroit 19 |
TOP OF THE 9TH |
Montgomery Grey Sox batting - Pitching for Detroit Dirty Snow : RHP Dave Funk
|
Batting: RHB José Carlos Caraballo
|
0-0: Ball 1-0: Ball 2-0: Foul Ball, location: 2F 2-1: Fly out, F3 (Popup, 23F)
|
Batting: SHB Marvin López
|
0-0: Foul Ball, location: 2F 0-1: Ball 1-1: Ball 2-1: Called Strike 2-2: Strikes out swinging
|
Batting: RHB Bryant von Bohlen
|
0-0: Ball 1-0: Ball 2-0: Foul Ball, location: 2F 2-1: Swinging Strike 2-2: Ground out 3-1 (Groundball, 34)
|
Top of the 9th over - 0 run(s), 0 hit(s), 0 error(s), 0 left on base; Montgomery 3 - Detroit 19 |
|